 Dungeon Crawl Stone Soup version 0.22-a0-612-gd2f0174 (webtiles) character file.

119424 sking99 the Severer (level 16, -2/149 HPs)
             Began as a Minotaur Berserker on July 11, 2018.
             Was the Champion of Trog.
             Slain by a cyan very ugly thing (15 damage)
             ... on level 2 of the Abyss.
             The game lasted 01:01:06 (28554 turns).

sking99 the Severer (Minotaur Berserker)           Turns: 28554, Time: 01:01:07

Health: -2/149     AC: 22    Str: 26    XL:     16   Next: 27%
Magic:  15/15      EV: 17    Int:  4    God:    Trog [******]
Gold:   1580       SH:  0    Dex: 16    Spells: 15/15 levels left

rFire    + . .     SeeInvis .   a - +1 executioner's axe (elec)
rCold    + . .     Gourm    .   (shield currently unavailable)
rNeg     . . .     Faith    +   g - +0 plate armour
rPois    +         Spirit   .   (helmet restricted)
rElec    .         Reflect  .   E - +1 cloak {MR+}
rCorr    .         Harm     .   G - +1 pair of gloves {Str+3}
MR       ++++.                  (no boots)
Stlth    ..........             F - amulet of faith
HPRegen  1.34/turn              S - ring "Narpho" {rF+ rC+ Stlth+}
MPRegen  0.14/turn              W - ring of poison resistance

@: regenerating
A: retaliatory headbutt, horns 2
a: Berserk, Trog's Hand, Brothers in Arms, Renounce Religion


You were on level 2 of the Abyss.
You worshipped Trog.
Trog was exalted by your worship.
You were not hungry.

You visited 4 branches of the dungeon, and saw 25 of its levels.
You visited the Abyss 1 time.
You also visited: Labyrinth and Ice Cave.

You collected 2802 gold pieces.
You spent 1222 gold pieces at shops.

Inventory:

Hand Weapons
 a - a +1 executioner's axe of electrocution (weapon)
 b - a +4 antimagic executioner's axe
 f - a +4 scimitar of flaming
 R - a +3 arbalest of velocity
Missiles
 I - 16 javelins (quivered)
 L - a throwing net
Armour
 g - a +0 plate armour (worn)
 E - a +1 cloak of magic resistance (worn)
 G - a +1 pair of gloves of strength (worn)
Jewellery
 j - a +4 ring of protection
 m - a +3 ring of protection
 B - an uncursed ring of protection from magic
 F - an amulet of faith (around neck)
 N - an uncursed ring of positive energy
 P - a +4 ring of intelligence
 Q - an uncursed amulet of guardian spirit {unknown}
 S - the ring "Narpho" (left hand) {rF+ rC+ Stlth+}
   (You bought it in a shop on level 13 of the Dungeon)

   [ring of protection from fire]

   It protects you from fire.
   It protects you from cold.
   It makes you more stealthy.
 T - an uncursed ring of protection from fire
 U - an uncursed ring of see invisible
 W - a ring of poison resistance (right hand)
Wands
 s - a wand of flame (38)
 y - a wand of enslavement (24)
 A - a wand of iceblast (23)
 C - a wand of scattershot (11)
 K - a wand of digging (43)
Scrolls
 d - 12 scrolls of remove curse
 e - 8 scrolls of magic mapping
 x - 4 scrolls of enchant weapon
 D - 10 scrolls of teleportation
 H - 2 scrolls of fear
 J - a scroll of immolation
 M - 8 scrolls of identify
 V - a scroll of summoning
 X - a scroll of torment {unknown}
 Y - 2 scrolls of enchant armour
Potions
 h - 6 potions of cancellation
 i - 4 potions of mutation
 k - 9 potions of curing
 l - 3 potions of agility
 n - 2 potions of ambrosia
 o - 6 potions of resistance
 p - 3 potions of brilliance
 q - 5 potions of heal wounds
 r - 7 potions of flight
 t - 7 potions of might
 u - 2 potions of degeneration
 v - a potion of invisibility
 w - 3 potions of lignification
 z - a potion of berserk rage {unknown}
 O - 3 potions of haste
Comestibles
 c - 48 rations


   Skills:
 + Level 15.6 Fighting
 * Level 20.8 Axes
 + Level 15.5 Armour
 + Level 14.4 Dodging


You had 15 spell levels left.
You didn't know any spells.
Your spell library was empty.

Dungeon Overview and Level Annotations

Branches:
Dungeon (15/15)            Temple (0/1) D:6            Lair (6/6) D:9
 Shoals (0/4) Lair:2        Snake (2/4) Lair:4        Slime (0/5) Lair:5
    Orc (2/2) D:12            Elf (0/3) Orc:2        Vaults (0/5) D:14
 Depths (0/5) D:15

Altars:
Fedhas
Kikubaaqudgha
Nemelex Xobeh
Ru
Trog
Vehumet
Wu Jian
Xom
Yredelemnul
The Shining One
Jiyva

Shops:
D:4 !   D:12 [   D:13 =((:   Orc:1 =   Orc:2 ((?(

Annotations:
D:9 3 runed doors, iamserjio's ghost, novice NaBe
Lair:3 1 runed door, Eptagon's ghost, journeyman GrFi
Orc:1 2 runed doors, Amnesiac's ghost, journeyman HOSu
Orc:2 1 runed door, TheNamelessOne's ghost, journeyman NaBe


Innate Abilities, Weirdness & Mutations

You reflexively headbutt those who attack you in melee.
You have a pair of horns on your head.


Message History

The cyan very ugly thing pecks you but does no damage.
You closely miss the cyan very ugly thing.
The cyan very ugly thing is heavily wounded.
The cyan very ugly thing basks in the mutagenic energy from its kin and changes!
The cyan very ugly thing pecks you! The cyan very ugly thing shocks you!!
* * * LOW HITPOINT WARNING * * *
You slice the cyan very ugly thing!!
The cyan very ugly thing is almost dead.
The cyan very ugly thing pecks you!
* * * LOW HITPOINT WARNING * * *
The cyan very ugly thing shocks you!!
* * * LOW HITPOINT WARNING * * *
You feel much better. The cyan very ugly thing pecks you.
* * * LOW HITPOINT WARNING * * *
The cyan very ugly thing shocks you!!
* * * LOW HITPOINT WARNING * * *
Okay, then.
You eat one of the 49 rations.
That ration really hit the spot!
The cyan very ugly thing pecks you!
You die...

. #..+.... . #
..#..#..
..#.#.##. ## #
..#. . .. #..#
#.## #. . .# # ##
##..#..#. ..
#..###u.#.#.....#
#.@uuu.....#. ...
#####.###. .#.##
.# ..... .## .
..#u. # #. #.###
# ..... # .#.


You could see 4 very ugly things.

Vanquished Creatures
  A tentacled starspawn (Abyss:2)
  Kirke (Lair:5)
  An orc warlord (Orc:2)
  A dire elephant (Lair:6)
  Azrael (D:12)
  A white draconian (IceCv)
  A minotaur (Lab)
  Josephine (Orc:1)
  A rakshasa (D:15)
  Fannar (D:10)
  An ice dragon (Lair:5)
  4 vault guards (D:14)
  10 hydras
  Erica (D:8)
  An anaconda (Snake:1)
  2 catoblepae
  A centaur warrior (D:14)
  A death knight (D:12)
  13 two-headed ogres
  An ogre mage (D:15)
  2 death yaks (Lair:6)
  A deep troll shaman (Lair:6)
  A shock serpent (Snake:1)
  3 orc high priests (Orc:2)
  4 naga sharpshooters (Snake:1)
  Nergalle (Orc:1)
  A skeletal warrior (D:12)
  2 wizards
  A glowing orange brain (D:15)
  A naga ritualist (Snake:1)
  A phantasmal warrior (D:11)
  A harpy (shapeshifter) (D:14)
  4 orc knights (Orc:2)
  5 orc sorcerers
  An orb spider (shapeshifter) (D:15)
  3 ugly things
  A salamander (Snake:1)
  2 oklob plants (Lair:5)
  A guardian serpent (Snake:1)
  13 black mambas
  3 cyclopes
  Joseph (D:7)
  Maurice (D:8)
  An ice statue (IceCv)
  9 elephants
  A naga mage (Snake:1)
  2 torpor snails
  A gargoyle (D:13)
  8 spiny frogs
  4 kobold demonologists
  8 komodo dragons
  5 trolls
  17 polar bears
  2 tengu conjurers (D:13)
  3 meliai (D:14)
  Grinder (D:5)
  A polar bear (shapeshifter) (D:13)
  6 slime creatures
  Prince Ribbit (D:5)
  4 dream sheep (Lair:6)
  7 blink frogs
  A blink frog (shapeshifter) (D:15)
  15 hippogriffs
  A dream sheep (shapeshifter) (D:15)
  Sigmund (D:3)
  7 spriggans
  2 redbacks (Lab)
  An air elemental (D:11)
  A water elemental (D:11)
  41 yaks
  5 wyverns
  7 wraiths
  A fire bat (Abyss:2)
  6 hogs
  6 basilisks
  3 fire elementals
  2 chaos spawn (Abyss:2)
  4 large abominations (Abyss:2)
  A steam dragon (shapeshifter) (Abyss:2)
  A steam dragon (D:9)
  7 hungry ghosts
  3 wargs
  Edmund (D:6)
  9 nagas
  A water moccasin (shapeshifter) (Abyss:2)
  3 hell hounds (D:12)
  8 porcupines
  10 water moccasins
  4 sky beasts
  3 ice beasts
  A black bear (Lair:6)
  25 orc warriors
  A tengu (shapeshifter) (D:15)
  72 wolves
  5 centaurs
  13 ogres
  2 phantoms
  A centaur (shapeshifter) (Abyss:2)
  13 crocodiles
  6 big kobolds
  6 small abominations (Abyss:2)
  15 bullfrogs
  A water moccasin skeleton (D:5)
  A wyvern skeleton (D:8)
  2 scorpions
  A scorpion (shapeshifter) (Abyss:2)
  A killer bee (shapeshifter) (Abyss:2)
  4 howler monkeys
  9 wights
  4 centaur zombies
  7 crimson imps
  A quasit (D:12)
  A starcursed mass (Abyss:2)
  4 hounds
  2 jellies
  5 centaur skeletons
  21 orc priests
  A jelly (shapeshifter) (Abyss:2)
  3 iguanas
  Ijyb (D:5)
  Terence (D:3)
  24 orc wizards
  7 worker ants
  A killer bee zombie (D:8)
  A hound skeleton (D:10)
  A howler monkey zombie (D:6)
  A worker ant zombie (D:9)
  4 gnolls (D:7)
  An adder (shapeshifter) (Abyss:2)
  14 adders
  A river rat (shapeshifter) (Abyss:2)
  4 shadow imps
  15 white imps
  An ufetubus (Abyss:2)
  An ooze (shapeshifter) (Abyss:2)
  3 oozes
  5 adder skeletons
  An adder zombie (D:6)
  A worm (D:2)
  4 dart slugs
  7 leopard geckos
  86 orcs
  3 spectral bats (Abyss:2)
  A ball python (shapeshifter) (Abyss:2)
  A bat (shapeshifter) (Abyss:2)
  11 bats
  4 giant cockroaches
  6 goblins
  11 hobgoblins
  8 jackals
  4 quokkas
  2 bat simulacra (Abyss:2)
  8 frilled lizards
  A frilled lizard (shapeshifter) (Abyss:2)
  A jackal skeleton (D:4)
  19 kobolds
  A leopard gecko skeleton (D:6)
  A rat (shapeshifter) (Abyss:2)
  11 rats
  3 fungi
  10 plants
  A starspawn tentacle (Abyss:2)
855 creatures vanquished.

Vanquished Creatures (collateral kills)
  Snorg (D:10)
  3 hydras
  4 death yaks (Lair:6)
  A two-headed ogre (D:11)
  2 shadow demons (Abyss:2)
  A polar bear (Lair:6)
  5 slime creatures (Abyss:2)
  A wraith (D:11)
  A floating eye (Abyss:2)
  3 starcursed masses (Abyss:2)
  3 orc warriors (Orc:2)
  A crocodile (Lair:3)
  2 scorpions (D:11)
  A wight (D:11)
  2 howler monkeys (D:9)
  A bullfrog zombie (D:9)
  An orc (Orc:2)
  A starspawn tentacle (Abyss:2)
34 creatures vanquished.

Vanquished Creatures (others)
  An earth elemental (D:11)
  A wyvern skeleton (D:11)
  A spectral bat (Abyss:2)
  7 fungi (Lair:6)
  20 plants
  2 starspawn tentacles (Abyss:2)
  A withered plant (Orc:2)
33 creatures vanquished.

Grand Total: 922 creatures vanquished

Notes
Turn   | Place    | Note
-------+----------+-------------------------------------------
     0 | D:1      | sking99 the Minotaur Berserker began the quest for the Orb.
     0 | D:1      | Reached XP level 1. HP: 19/19 MP: 0/0
   364 | D:1      | Reached XP level 2. HP: 27/27 MP: 1/1
   367 | D:1      | Reached skill level 4 in Axes
   593 | D:1      | Reached ** piety under Trog
   663 | D:1      | Reached XP level 3. HP: 27/33 MP: 2/2
  1167 | D:2      | Reached XP level 4. HP: 33/40 MP: 3/3
  1640 | D:3      | Reached skill level 5 in Axes
  1664 | D:3      | Noticed Sigmund
  1675 | D:3      | Killed Sigmund
  1675 | D:3      | Reached XP level 5. HP: 47/47 MP: 4/4
  1675 | D:3      | Reached XP level 6. HP: 55/55 MP: 5/5
  1732 | D:3      | Reached skill level 5 in Fighting
  1732 | D:3      | Reached skill level 6 in Axes
  1735 | D:3      | Reached *** piety under Trog
  2218 | D:3      | Noticed Terence
  2225 | D:3      | Killed Terence
  2693 | D:4      | Found a radiant altar of Vehumet.
  2751 | D:4      | Reached XP level 7. HP: 61/61 MP: 6/6
  2771 | D:4      | Received a gift from Trog
  2830 | D:4      | Reached skill level 7 in Axes
  2865 | D:4      | Found a basalt altar of Yredelemnul.
  3015 | D:4      | Found Segyinuc's Distillery.
  3019 | D:4      | Bought a potion of curing for 42 gold pieces
  3019 | D:4      | Bought a potion of might for 56 gold pieces
  3025 | D:4      | Reached skill level 5 in Armour
  3354 | D:5      | Entered Level 5 of the Dungeon
  3354 | D:5      | Noticed Prince Ribbit
  3543 | D:5      | Killed Prince Ribbit
  3709 | D:5      | Noticed Grinder
  3722 | D:5      | Killed Grinder
  3722 | D:5      | Reached skill level 8 in Axes
  3722 | D:5      | Reached skill level 5 in Dodging
  3722 | D:5      | Reached XP level 8. HP: 70/70 MP: 7/7
  3924 | D:5      | Found an ornate altar of the Wu Jian Council.
  3955 | D:5      | Noticed Ijyb
  3965 | D:5      | Killed Ijyb
  4086 | D:5      | Reached skill level 9 in Axes
  4393 | D:6      | Reached **** piety under Trog
  4500 | D:6      | Found an ancient bone altar of Kikubaaqudgha.
  4533 | D:6      | Found a staircase to the Ecumenical Temple.
  4533 | D:6      | Noticed Edmund
  4549 | D:6      | Reached XP level 9. HP: 79/79 MP: 8/8
  4551 | D:6      | Killed Edmund
  4904 | D:6      | Reached skill level 10 in Axes
  4960 | D:7      | Found a sacrificial altar of Ru.
  5012 | D:7      | Received a gift from Trog
  5702 | D:7      | Noticed Joseph
  5743 | D:7      | Killed Joseph
  5743 | D:7      | Reached skill level 11 in Axes
  6259 | D:8      | Found a sparkling altar of Nemelex Xobeh.
  6347 | D:8      | Noticed Erica
  6354 | D:8      | Killed Erica
  6354 | D:8      | Reached XP level 10. HP: 90/90 MP: 9/9
  6388 | D:8      | Noticed Maurice
  6401 | D:8      | Killed Maurice
  6993 | D:9      | Noticed a two-headed ogre
  7005 | D:9      | Killed a two-headed ogre
  7005 | D:9      | Reached skill level 12 in Axes
  7183 | D:9      | Noticed a two-headed ogre
  7195 | D:9      | Killed a two-headed ogre
  7355 | D:9      | Found a bloodstained altar of Trog.
  7356 | D:9      | Found a shimmering altar of Xom.
  7380 | D:9      | Found a staircase to the Lair.
  7396 | D:9      | Reached skill level 13 in Axes
  7396 | D:9      | Reached XP level 11. HP: 99/99 MP: 10/10
  7439 | D:9      | Noticed a two-headed ogre
  7447 | D:9      | Killed a two-headed ogre
  7503 | D:9      | Reached ***** piety under Trog
  7512 | D:9      | Found a runed gate.
  7513 | D:9      | Found a runed gate.
  7513 | D:9      | Found a runed gate.
  7515 | D:9      | Noticed iamserjio's ghost (novice NaBe)
  7515 | D:9      | Noticed a ten-headed hydra
  7601 | D:9      | Reached skill level 10 in Fighting
  7654 | D:9      | Found a blossoming altar of Fedhas.
  8066 | D:10     | Entered Level 10 of the Dungeon
  8241 | D:10     | Noticed Fannar
  8259 | D:10     | Killed Fannar
  8525 | D:10     | Noticed Snorg
  8531 | D:10     | Killed Snorg
  8531 | D:10     | Reached skill level 10 in Armour
  8543 | D:10     | Found a radiant altar of Vehumet.
  8946 | D:11     | Noticed a two-headed ogre
  8952 | D:11     | Killed a two-headed ogre
  8952 | D:11     | Reached skill level 14 in Axes
  9089 | D:11     | Noticed a two-headed ogre
  9098 | D:11     | Killed a two-headed ogre
  9356 | D:11     | Noticed a five-headed hydra
  9365 | D:11     | Killed a two-headed hydra
  9442 | D:11     | Reached XP level 12. HP: 106/110 MP: 11/11
  9490 | D:11     | Identified a scroll of acquirement
  9497 | D:11     | Found a large runed door.
  9497 | D:11     | Found a large runed door.
  9554 | D:11     | Reached skill level 10 in Dodging
 10075 | Lair:1   | Entered Level 1 of the Lair of Beasts
 10552 | Lair:1   | Reached skill level 15 in Axes
 11266 | Lair:2   | Found a labyrinth entrance.
 11273 | Lair:2   | Found a staircase to the Shoals.
 11303 | Lab      | Entered a labyrinth
 11962 | Lab      | Noticed a minotaur
 11974 | Lab      | Killed a minotaur
 12547 | Lair:2   | Received a gift from Trog
 12757 | Lair:3   | Found a runed door.
 12919 | Lair:3   | Reached skill level 16 in Axes
 12961 | Lair:3   | Noticed Eptagon's ghost (journeyman GrFi)
 13126 | Lair:3   | Noticed an eight-headed hydra
 13133 | Lair:3   | Killed a five-headed hydra
 13137 | Lair:3   | Noticed a seven-headed hydra
 13145 | Lair:3   | Killed a six-headed hydra
 13145 | Lair:3   | Reached XP level 13. HP: 54/118 MP: 12/12
 14766 | Lair:4   | Found a staircase to the Snake Pit.
 15417 | Lair:5   | Noticed Kirke
 15427 | Lair:4   | Reached skill level 17 in Axes
 15451 | Lair:5   | Received a gift from Trog
 15456 | Lair:5   | Killed Kirke
 15628 | Lair:5   | You fall through a shaft!
 15628 | Lair:6   | Entered Level 6 of the Lair of Beasts
 16118 | Lair:6   | Reached XP level 14. HP: 102/129 MP: 4/13
 16314 | Lair:6   | Received a gift from Trog
 16633 | Lair:6   | Reached skill level 18 in Axes
 17740 | Lair:5   | Found a viscous altar of Jiyva.
 17740 | Lair:5   | Found a staircase to the Slime Pits.
 17860 | Lair:5   | Received a gift from Trog
 19154 | D:12     | Noticed Azrael
 19166 | D:12     | Killed Azrael
 19634 | D:12     | Found Telycs Yriku's Armour Boutique.
 19636 | D:12     | Found a staircase to the Orcish Mines.
 20170 | D:12     | Reached skill level 19 in Axes
 20461 | D:13     | Found Iweunog's Weapon Shoppe.
 20473 | D:13     | Found Gaguagac's Weapon Emporium.
 20619 | D:13     | Found Feerus's Book Shop.
 20839 | D:13     | Found Vodokh's Jewellery Shoppe.
 20842 | D:13     | Bought the ring "Narpho" {rF+ rC+ Stlth+} for 710 gold pieces
 21276 | D:14     | Reached XP level 15. HP: 103/139 MP: 14/14
 21731 | D:14     | Received a gift from Trog
 22013 | D:14     | Found a gate to the Vaults.
 22136 | D:15     | Entered Level 15 of the Dungeon
 22631 | D:15     | Found a glowing golden altar of the Shining One.
 23352 | D:15     | Found a staircase to the Depths.
 23448 | Orc:1    | Entered Level 1 of the Orcish Mines
 23448 | Orc:1    | Noticed Nergalle
 23457 | Orc:1    | Killed Nergalle
 23459 | Orc:1    | Found Ismoptor's Jewellery Boutique.
 23497 | Orc:1    | Noticed Josephine
 23507 | Orc:1    | Killed Josephine
 23540 | Orc:1    | Found a frozen archway.
 23561 | IceCv    | Entered an ice cave
 23567 | IceCv    | Reached ****** piety under Trog
 23706 | IceCv    | Reached skill level 15 in Fighting
 23755 | IceCv    | Reached skill level 20 in Axes
 23798 | IceCv    | Received a gift from Trog
 23945 | IceCv    | Found the +7 great mace "Firestarter" {inner flame, rF++}
 24858 | Orc:1    | Found a large runed door.
 24858 | Orc:1    | Found a large runed door.
 24859 | Orc:1    | Noticed Amnesiac's ghost (journeyman HOSu)
 24968 | Orc:2    | Entered Level 2 of the Orcish Mines
 24989 | Orc:2    | Found a staircase to the Elven Halls.
 25004 | Orc:2    | Reached skill level 15 in Armour
 25165 | Orc:2    | Noticed an orc warlord
 25175 | Orc:2    | Killed an orc warlord
 25331 | Orc:2    | Found a runed door.
 25331 | Orc:2    | Noticed TheNamelessOne's ghost (journeyman NaBe)
 25445 | Orc:2    | Found Aplooqol's Antique Weapon Shop.
 25849 | Orc:2    | Found Qiacy's Magic Scroll Shop.
 25866 | Orc:2    | Received a gift from Trog
 26241 | Orc:2    | Found Hudwic's Weapon Shoppe.
 26247 | Orc:2    | Found Hiunuh's Weapon Shoppe.
 26257 | Orc:2    | Bought a scroll of summoning for 114 gold pieces
 26370 | Orc:1    | Bought an uncursed ring of poison resistance for 300 gold pieces
 26537 | Snake:1  | Entered Level 1 of the Snake Pit
 26620 | Snake:1  | Reached XP level 16. HP: 122/149 MP: 15/15
 28091 | Snake:2  | Cast into level 2 of the Abyss (salamander)
 28218 | Abyss:2  | Found a corrupted altar of Lugonu.
 28258 | Abyss:2  | Noticed an Executioner
 28416 | Abyss:2  | Found a corrupted altar of Lugonu.
 28420 | Abyss:2  | Noticed a tentacled starspawn
 28430 | Abyss:2  | Noticed a tentacled starspawn
 28435 | Abyss:2  | Killed a tentacled starspawn
 28446 | Abyss:2  | Noticed a tentacled starspawn
 28447 | Abyss:2  | Paralysed by a floating eye for 3 turns
 28452 | Abyss:2  | Paralysed by a floating eye for 3 turns
 28459 | Abyss:2  | Paralysed by a floating eye for 3 turns
 28554 | Abyss:2  | Slain by a cyan very ugly thing

Vault maps used:
D:1:      dpeg_arrival_simpleton_c
D:2:      kennysheep_boxes
D:3:      first_ration, uniq_sigmund, uniq_terence
D:4:      kennysheep_little_box, vehumet_crystals, serial_shops, shop
D:5:      overflow_temple_1_default, uniq_grinder, uniq_prince_ribbit1,
          uniq_ijyb
D:6:      lemuel_doored_altar, minmay_temple_entry_large_hall, uniq_edmund
D:7:      lemuel_crystal_altar, uniq_joseph
D:8:      nemelex_xobeh_ov_fountains_minmay, due_unseen_surprise, uniq_erica,
          uniq_maurice
D:9:      fedhas_altar_fruit_tree, grunt_temple_overflow_open,
          erik_lair_orcish_takeover, gammafunk_ghost_hydra_chop
D:10:     basic_altar, the_bakery, uniq_snorg, uniq_fannar
D:11:     lightli_elemental_guards
D:12:     orc_david_3, uniq_azrael
D:13:     serial_shops, nicolae_shop_behind_doors, shop, shop, shop,
          minmay_misc_feat_enclosed, grunt_decor_fettered, bh_walls_and_bars
D:14:     lightli_vaults_fourway_checkpoint
D:15:     gammafunk_enter_depths_forms, nicolae_tso_carved_into_rock
Lair:1:   cheibrodos_lair_lostbears, serial_bayou_shore_a, grunt_megastairs_4,
          lemuel_fruit_tree, serial_bayou_shore_b
Lair:2:   shoals_dummy_entry, lab_entry_generic
Lair:3:   ebering_ghost_reflecting_pool, wad_woods_01, uniq_urug
Lair:4:   minmay_snake_entry_guardpost_small, grunt_forest_small_clearings,
          grunt_forest_stairs_basic, grunt_forest_small_clearing_treed,
          grunt_megastairs_1
Lair:5:   slime_altar_1, bobbens_ice_dragon_lair, minmay_lair_oklob_chamber,
          infiniplex_staircase_pool, uniq_kirke
Lair:6:   grunt_lair_end_beastmaster, grunt_forest_large_clearings
Snake:1:  kennysheep_six_static_rooms
Snake:2:  serial_bayou_pond_d, minmay_snake_pond, grunt_megastairs_5
Orc:1:    ebering_ghost_disaster_area, serial_shops, shop,
          portal_ice_cave_entry_imps, uniq_nergalle, uniq_josephine
Orc:2:    st_orc_elflike, gammafunk_ghost_grave
Abyss:2:  bh_abyss_exit_choice, hangedman_abyss_monster_moat
Lab:      labyrinth_watery, nicolae_lab_t_cross, nicolae_lab_starburst,
          nicolae_lab_lava, nicolae_lab_very_dead_end, nicolae_lab_quarters,
          nicolae_lab_do_over
IceCv:    ice_cave_small_giant

Skill      XL: |  1  2  3  4  5  6  7  8  9 10 11 12 13 14 15 |
---------------+----------------------------------------------+-----
Axes           | 4 5 6 8 9 11 13 14 16 17 19 20 | 20.8
Fighting       | 4 5 6 7 8 9 11 12 13 14 15 | 15.6
Armour         | 3 4 5 6 8 9 10 12 13 14 15 | 15.5
Dodging        | 3 4 5 6 7 8 9 11 12 13 14 | 14.4

Action                   |  1- 3 |  4- 6 |  7- 9 | 10-12 | 13-15 | 16-18 || total
-------------------------+-------+-------+-------+-------+-------+-------++-------
Melee: Hand axe          |    86 |    93 |   311 |    34 |       |       ||   524
       Headbutt          |     9 |    19 |    73 |   142 |   252 |    39 ||   534
       War axe           |       |       |       |   244 |       |       ||   244
       Battleaxe         |       |       |       |   280 |   246 |       ||   526
       Scimitar          |       |       |       |     9 |    53 |       ||    62
       Executioner's axe |       |       |       |       |   653 |   144 ||   797
Invok: Berserk           |       |     3 |     9 |    12 |     6 |       ||    30
       Brothers in Arms  |       |       |       |     6 |     4 |     1 ||    11
       Trog's Hand       |       |       |       |     1 |     7 |     2 ||    10
Evoke: Wand              |       |       |       |       |     2 |       ||     2
  Use: Scroll            |       |     7 |     9 |     7 |    12 |     3 ||    38
       Potion            |       |       |       |       |     2 |     4 ||     6
 Stab: Petrified         |       |       |       |       |     4 |       ||     4
       Distracted        |       |       |       |       |       |     1 ||     1
  Eat: Chunk             |     1 |     8 |    15 |    29 |    42 |     2 ||    97
       Ration            |       |       |     1 |     3 |     5 |     2 ||    11
Armor: Animal skin       |    12 |       |       |       |       |       ||    12
       Chain mail        |    10 |    47 |    95 |       |       |       ||   152
       Plate armour      |       |       |    25 |   374 |   701 |   112 ||  1212
       Skin              |       |       |       |       |    62 |       ||    62
Dodge: Dodged            |    61 |    34 |   121 |   355 |   829 |   121 ||  1521
       Rpst.: Scimitar   |       |       |       |       |    12 |       ||    12

Table legend:
 A = Spawn XP
 B = Non-spawn XP
 C = Spawn XP percentage of total XP
 D = Spawn monster count
 E = Non-spawn monster count
 F = Spawn count percentage of total count
 G = Total turns spent on level
                    A         B        C        D         E        F      G
               +---------+---------+-------+---------+---------+-------+---------
         Total |    2488 |  168119 |   1.5 |       8 |     869 |   0.9 | 28554
               +---------+---------+-------+---------+---------+-------+---------
           D:1 |       0 |      49 |   0.0 |       0 |      27 |   0.0 |   887
           D:2 |       0 |      96 |   0.0 |       0 |      31 |   0.0 |   736
           D:3 |       0 |     487 |   0.0 |       0 |      23 |   0.0 |  1038
           D:4 |       0 |     362 |   0.0 |       0 |      16 |   0.0 |   849
           D:5 |       0 |    1175 |   0.0 |       0 |      15 |   0.0 |   746
           D:6 |       0 |    1068 |   0.0 |       0 |      33 |   0.0 |   690
           D:7 |       0 |    1491 |   0.0 |       0 |      29 |   0.0 |  1224
           D:8 |       0 |    2254 |   0.0 |       0 |      15 |   0.0 |   823
           D:9 |       0 |    6017 |   0.0 |       0 |      68 |   0.0 |  1148
          D:10 |       0 |    2325 |   0.0 |       0 |      16 |   0.0 |   827
          D:11 |       0 |    8338 |   0.0 |       0 |      44 |   0.0 |  1567
          D:12 |       0 |    9564 |   0.0 |       0 |      49 |   0.0 |  1190
          D:13 |       0 |    1982 |   0.0 |       0 |       9 |   0.0 |   572
          D:14 |       0 |   10599 |   0.0 |       0 |      22 |   0.0 |  1358
          D:15 |       0 |   15869 |   0.0 |       0 |      33 |   0.0 |  1117
        Lair:1 |       0 |    5002 |   0.0 |       0 |      20 |   0.0 |  1343
        Lair:2 |       0 |    2986 |   0.0 |       0 |      14 |   0.0 |   806
        Lair:3 |       0 |    6613 |   0.0 |       0 |      25 |   0.0 |  1199
        Lair:4 |       0 |    9626 |   0.0 |       0 |      32 |   0.0 |  1596
        Lair:5 |       0 |   14360 |   0.0 |       0 |      49 |   0.0 |  1476
        Lair:6 |       0 |   24715 |   0.0 |       0 |      93 |   0.0 |  1798
       Snake:1 |       0 |   10772 |   0.0 |       0 |      21 |   0.0 |  1546
       Snake:2 |       0 |     835 |   0.0 |       0 |       3 |   0.0 |     8
         Orc:1 |       0 |    4830 |   0.0 |       0 |      43 |   0.0 |   634
         Orc:2 |       0 |   11620 |   0.0 |       0 |      53 |   0.0 |  1384
       Abyss:2 |    2488 |    4028 |  38.2 |       8 |      43 |  15.7 |   463
           Lab |       0 |    2397 |   0.0 |       0 |       7 |   0.0 |   700
         IceCv |       0 |    8659 |   0.0 |       0 |      36 |   0.0 |   829
               +---------+---------+-------+---------+---------+-------+---------
